 Dungeon Crawl Stone Soup version 0.25-a0-667-gb977e01cb5 (webtiles) character file.

Game seed: 6399415697180418729, levelgen mode: deterministic

62 MrSirius the Grave Robber (level 3, 24/24 HPs)
             Began as a Mummy Necromancer on Mar 20, 2020.
             Quit the game on level 2 of the Dungeon on Mar 27, 2020.
             The game lasted 00:13:15 (2576 turns).

MrSirius the Grave Robber (Mummy Necromancer)       Turns: 2576, Time: 00:13:15

Health: 24/24      AC:  2    Str: 11    XL:     3   Next: 85%
Magic:  17/17      EV: 12    Int: 15    God:
Gold:   13         SH:  0    Dex: 12    Spells: 7/9 levels left

rFire    x . .     SeeInvis .   f - +0 short sword
rCold    + . .     Gourm    .   (no shield)
rNeg     + + +     Faith    .   a - +0 robe
rPois    ∞         Spirit   .   (no helmet)
rElec    .         Reflect  .   (no cloak)
rCorr    .         Harm     .   (no gloves)
MR       .....                  (no boots)
Stlth    ++........             (no amulet)
HPRegen  0.08/turn              e - ring of magical power
MPRegen  0.15/turn              (no ring)

@: no status effects
A: no food or potions, fire vulnerability, cold resistance 1, negative energy
resistance 3, torment resistance, unbreathing
a: no special abilities


You were on level 2 of the Dungeon.
You were not hungry.

You visited 1 branch of the dungeon, and saw 2 of its levels.

You collected 13 gold pieces.

Inventory:

Hand Weapons
 b - a +0 club
 f - a +0 short sword (weapon)
Missiles
 g - 7 atropa-tipped darts (quivered)
Armour
 a - a +0 robe (worn)
Jewellery
 e - a ring of magical power (left hand)
Scrolls
 c - a scroll of noise {unknown}
Comestibles
 d - 2 rations


   Skills:
 + Level 0.2 Short Blades
 + Level 0.2 Maces & Flails
 + Level 2.0 Dodging
 + Level 1.6 Stealth
 + Level 0.1 Unarmed Combat
 + Level 3.7 Spellcasting
 + Level 4.6 Necromancy


You had 7 spell levels left.
You knew the following spells:

 Your Spells              Type           Power        Failure   Level  Hunger
a - Pain                  Necr           ###.         2%          1    N/A
b - Animate Skeleton      Necr           N/A          2%          1    N/A

Your spell library contained the following spells:

 Spells                   Type           Power        Failure   Level  Hunger
 Vampiric Draining        Necr           ###.......   9%          3    N/A
 Animate Dead             Necr           N/A          28%         4    N/A
 Agony                    Necr           ###.....     61%         5    N/A

Dungeon Overview and Level Annotations

Branches:
Dungeon (2/15)

Altars:


Innate Abilities, Weirdness & Mutations

You do not eat or drink.
Your flesh is vulnerable to fire.
You are immune to poison.
Your flesh is cold resistant. (rC+)
You are immune to negative energy. (rN+++)
You are immune to unholy pain and torment.
You can survive without breathing.


Message History

Press: ? - help, Shift-Dir - straight line, f - goblin
Aim: a goblin, wearing a +0 ring mail (chance to defeat MR: 87%)
The goblin writhes in agony!
You kill the goblin!
You swap places.
Your frilled lizard skeleton crumbles into dust!
Unknown command.
Found 19 bolts.
Char dumped successfully.
Char dumped successfully.
Char dumped successfully.
Char dumped successfully.
Char dumped successfully.
Char dumped successfully.
Char dumped successfully.
Char dumped successfully.
Press: ? - help, v - describe, . - travel The floor.
Unknown command.
Are you sure you want to abandon this character and quit the game? (Confirm with "yes".)

.# .. .# .#
.###
#.########...#
#...@..<..#
#####...).# #.
#..<..###...#
#....[...#
#.....##.#
#.....# .# .
#.....## .. .(
#####..####..
... ##....#
.....


There were no monsters in sight!

Vanquished Creatures
  A gnoll (D:1)
  An adder (D:2)
  An ooze (D:1)
  A worm (D:2)
  A dart slug (D:1)
  A leopard gecko (D:1)
  A giant cockroach (D:1)
  3 goblins
  5 hobgoblins
  7 kobolds (D:1)
  5 bats
  2 frilled lizards
  2 rats
31 creatures vanquished.

Vanquished Creatures (collateral kills)
  A goblin (D:2)
  A kobold (D:1)
  A frilled lizard (D:1)
  A rat (D:1)
4 creatures vanquished.

Vanquished Creatures (others)
  A plant (D:1)
1 creature vanquished.

Grand Total: 36 creatures vanquished

Notes
Turn   | Place    | Note
-------+----------+-------------------------------------------
     0 | D:1      | MrSirius the Mummy Necromancer began the quest for the Orb.
     0 | D:1      | Reached XP level 1. HP: 13/13 MP: 4/4
   892 | D:1      | Reached XP level 2. HP: 15/19 MP: 1/6
  1433 | D:1      | Learned a level 1 spell: Animate Skeleton
  1634 | D:2      | Reached XP level 3. HP: 24/24 MP: 7/7
  1659 | D:2      | Upgraded the game from 0.25-a0-634-gd1561dc703 to
                  | 0.25-a0-667-gb977e01cb5
  1749 | D:1      | HP: 1/24 [gnoll (8)]
  2576 | D:2      | Quit the game

Levels and vault maps discovered:
D:1:      erik_arrival_cave_to_civilisation [erik_arrival_cave_to_hall],
          layout_basic, lexackson_kobold_supper
D:2:      layout_rooms, fedhas_altar_fruit_tree

Skill      XL: |  1  2 |
---------------+-------+-----
Spellcasting   | 3 |  3.7
Dodging        | 2 |  2.0
Short Blades   | |  0.2
Maces & Flails | |  0.2
Stealth        | |  1.6
Unarmed Combat | |  0.1
Necromancy     | |  4.6

Action                   || total
-------------------------++-------
Melee: Unarmed           ||    32
       Club              ||    18
       Short sword       ||    38
 Cast: Pain              ||    42
       Animate Skeleton  ||     7
 Stab: Sleeping          ||     1
Armor: Robe              ||    31
Dodge: Dodged            ||    91

Table legend:
 A = Non-vault XP
 B = Vault XP
 C = Vault XP percentage of total XP
 D = Non-vault monster count
 E = Vault monster count
 F = Vault count percentage of total count
                 A         B        C        D         E       F
            +---------+---------+-------+---------+---------+-------
      Total |      74 |      15 |  16.9 |      26 |       9 |  25.7
            +---------+---------+-------+---------+---------+-------
        D:1 |      46 |      15 |  24.6 |      16 |       9 |  36.0
        D:2 |      28 |       0 |   0.0 |      10 |       0 |   0.0
            +---------+---------+-------+---------+---------+-------
